 Dungeon Crawl Stone Soup version 0.17-a0-1642-gd4b747b (webtiles) character file.

217 thrall606 the Conjurer (level 5, 0/37 HPs)
             Began as a Demonspawn Conjurer on Aug 8, 2015.
             Was a Follower of Yredelemnul.
             Slain by Grinder (4 damage)
             ... while paralysed by Grinder
             ... on level 4 of the Dungeon.
             The game lasted 00:15:44 (3553 turns).

thrall606 the Conjurer (Demonspawn Conjurer)        Turns: 3553, Time: 00:15:44

Health: 0/37       AC:  7    Str:  9    XL:     5   Next: 62%
Magic:  2/9        EV:  2    Int: 17    God:    Yredelemnul [*.....]
Gold:   231        SH:  0    Dex: 13    Spells: 3 memorised, 3 levels left

rFire  x . .     SeeInvis .     n - +1 falchion
rCold  + . .     Clarity  .     i - +1 robe
rNeg   . . .     SustAt   .     (no shield)
rPois  .         Gourm    .     (helmet restricted)
rElec  .         Spirit   .     (no cloak)
rCorr  .         Warding  .     (no gloves)
rMut   .         Stasis   .     (no boots)
MR     .....                    (no amulet)
Stlth  ++........               (no ring)
                                h - ring of ice

@: paralysed, not resistant to hostile enchantments, unstealthy
A: horns 1, iridescent scales 1
a: Animate Remains, Renounce Religion


You were on level 4 of the Dungeon.
You worshipped Yredelemnul.
Yredelemnul was aware of your devotion.
You were not hungry.

You visited 1 branch of the dungeon, and saw 4 of its levels.

You collected 231 gold pieces.

Inventory:

Hand weapons
 e - a +0 club
 j - a +0 short sword
 n - a +1 falchion (weapon)
Armour
 a - a +0 robe
 f - a +0 leather armour of positive energy
 i - a +1 robe (worn)
 q - a +0 robe
 r - a +0 robe
Jewellery
 h - a ring of ice (left hand)
Magical devices
 m - a wand of hasting (6)
 v - a wand of cold (11)
Scrolls
 l - 2 scrolls of teleportation
 o - 3 scrolls of identify
 s - a scroll of remove curse
 t - a scroll of recharging {unknown}
Potions
 k - 2 potions of flight
 p - 3 potions of curing
Books
 b - a book of Conjurations

   Spells                             Type                      Level
   a - Magic Dart                     Conjuration                  1
   b - Searing Ray                    Conjuration                  2
   c - Dazzling Spray                 Conjuration/Hexes            3
   d - Fulminant Prism                Conjuration/Hexes            4
   e - Iskenderun's Mystic Blast      Conjuration                  4
   f - Iskenderun's Battlesphere      Conjuration/Charms           5
Comestibles
 c - 2 bread rations
 d - 2 meat rations
 g - a slice of pizza
 u - 4 chunks of flesh


   Skills:
 + Level 1.0 Fighting
 + Level 0.3(0.4) Short Blades
 + Level 0.3(0.4) Long Blades
 + Level 0.1 Maces & Flails
 + Level 0.3 Armour
 + Level 3.1 Dodging
 + Level 2.3 Stealth
 + Level 3.0 Spellcasting
 + Level 5.0 Conjurations


You had 3 spell levels left.
You knew the following spells:

 Your Spells              Type           Power        Failure   Level  Hunger
a - Magic Dart            Conj           ###.         2%          1    None
b - Searing Ray           Conj           ###...       3%          2    ##.....
c - Iskenderun's Mystic   Conj           ###.....     24%         4    ####...


Dungeon Overview and Level Annotations

Branches:
Dungeon (4/15)
 Temple: D:4-7

Altars:
Ashenzari
Dithmenos
Elyvilon
Kikubaaqudgha
Trog
Yredelemnul
The Shining One

Annotations:
D:4 Grinder


Innate Abilities, Weirdness & Mutations

You have a pair of small horns on your head.
You are partially covered in iridescent scales (AC +4).


Message History

Aim: Grinder (lightly wounded)
The searing ray hits Grinder.
Grinder is lightly wounded.
You hear the slow rusting of a very distant drain.
Grinder hits you.
You hit Grinder.
Grinder is moderately wounded.
Grinder barely misses you.
You hit Grinder but do no damage.
Grinder is moderately wounded.
Grinder gestures at you.
You suddenly lose the ability to move!
Grinder hits you.
You writhe in agony.
Grinder hits you!
* * * LOW HITPOINT WARNING * * *
You writhe in agony.
* * * LOW HITPOINT WARNING * * *
Grinder hits you.
You die...
Your body rises from the dead as a mindless zombie.

###...#...
##.#.......... #<....#
...# . ##...## ...# .# #
##..#.# ...#..# #
##..##.# ##.....##
######...#######........
.........#...##.........
.........#.##...@5#
...........##.....#
.......##.....###.#
......####....## ...
#.....# #.....# #..#
#....## #..##.# ....
##...# ##.## ... ##...
##..# #..# #... ..# #..#
##..# ..


You could see Grinder.

Vanquished Creatures
  Ijyb (D:3)
  Jessica (D:2)
  Natasha (thrice) (D:3)
  4 adders
  3 oozes
  4 worms
  3 giant cockroaches
  11 goblins
  12 hobgoblins
  8 bats
  3 giant geckos
  3 giant newts (D:1)
  6 kobolds
  7 rats
  A bush (D:2)
70 creatures vanquished.

Notes
Turn   | Place    | Note
--------------------------------------------------------------
     0 | D:1      | thrall606 the Demonspawn Conjurer began the quest for the Orb.
     0 | D:1      | Reached XP level 1. HP: 13/13 MP: 3/3
   252 | D:1      | Gained mutation: You are partially covered in iridescent scales (AC +4). [demonic ancestry]
   252 | D:1      | Reached XP level 2. HP: 2/19 MP: 3/5
   599 | D:1      | Learned a level 2 spell: Searing Ray
  1110 | D:1      | Reached XP level 3. HP: 24/24 MP: 3/6
  1342 | D:2      | Found a white marble altar of Elyvilon.
  1608 | D:2      | Noticed Jessica
  1617 | D:2      | Killed Jessica
  1617 | D:2      | Reached XP level 4. HP: 28/30 MP: 1/7
  1762 | D:2      | Found a basalt altar of Yredelemnul.
  1768 | D:2      | Became a worshipper of Yredelemnul the Dark
  1816 | D:2      | Found a bloodstained altar of Trog.
  2090 | D:2      | Found a glowing golden altar of the Shining One.
  2343 | D:3      | Learned a level 4 spell: Iskenderun's Mystic Blast
  2356 | D:3      | Noticed Natasha
  2367 | D:3      | Killed Natasha
  2436 | D:3      | Found an ancient bone altar of Kikubaaqudgha.
  2531 | D:3      | Found a shadowy altar of Dithmenos.
  2545 | D:3      | Gained mutation: You have a pair of small horns on your head. [demonic ancestry]
  2545 | D:3      | Reached XP level 5. HP: 30/36 MP: 4/9
  2657 | D:3      | Noticed Natasha
  2871 | D:3      | Killed Natasha
  3094 | D:3      | Noticed Ijyb
  3117 | D:3      | Killed Ijyb
  3117 | D:3      | Reached skill level 1 in Fighting
  3117 | D:3      | Reached skill level 5 in Conjurations
  3210 | D:3      | Noticed Natasha
  3212 | D:3      | Killed Natasha
  3326 | D:3      | Found a shattered altar of Ashenzari.
  3458 | D:4      | Acquired Yredelemnul's first power
  3543 | D:4      | Noticed Grinder
  3550 | D:4      | Paralysed by Grinder for 6 turns
  3553 | D:4      | Slain by Grinder

Vault maps used:
D:1:      tarquinn_simple_flora_water_e
D:2:      nicolae_tso_carved_into_rock, lemuel_doored_altar,
          nicolae_overflow_hidden_temple, first_bread, serial_forest,
          infiniplex_forest_clump_medium, infiniplex_forest_clump_small,
          infiniplex_forest_clump_long, infiniplex_forest_end_2,
          infiniplex_forest_join, trog_hazing_becter, uniq_jessica,
          uniq_crazy_yiuf_cottage
D:3:      lemuel_round_altar, lemuel_crystal_altar, corexii_leaking_fountain,
          nicolae_dithmenos_shadow_blocks, uniq_iyjb, uniq_natasha
D:4:      gup_sewer_entry_spiral, uniq_robin, uniq_edmund, uniq_pikel,
          uniq_grinder

Action                   |  1- 3 |  4- 6 || total
-------------------------+-------+-------++-------
Melee: Club              |    21 |       ||    21
       Unarmed           |     5 |       ||     5
       Short sword       |     9 |       ||     9
       Falchion          |    24 |   145 ||   169
 Cast: Magic Dart        |    21 |    11 ||    32
       Searing Ray       |    31 |    44 ||    75
       Iskenderun's Myst |       |     1 ||     1
  Use: Scroll            |     4 |     2 ||     6
       Potion            |     3 |     1 ||     4
  Eat: Chunk             |     5 |     5 ||    10
       Bread ration      |       |     1 ||     1
